 Dungeon Crawl Stone Soup version 0.28.0-1-gb440e238dd (webtiles) character file.

Game seed: 15808941541331857300

41 DrunkBamboolord the Gusty (level 3, -4/20 HPs)
             Began as a Tengu Air Elementalist on Feb 27, 2022.
             Slain by Sigmund (10 damage)
             ... on level 2 of the Dungeon.
             The game lasted 00:03:08 (1325 turns).

DrunkBamboolord the Gusty (Tengu Air Elementalist)  Turns: 1325, Time: 00:03:09

Health: -4/20      AC:  3    Str:  8    XL:     3   Next: 52%
Magic:  0/7        EV: 12    Int: 17    God:
Gold:   63         SH:  0    Dex: 14    Spells: 4/7 levels left

rFire   . . .      SeeInvis .   (no weapon)
rCold   . . .      Faith    .   (no shield)
rNeg    . . .      Spirit   .   a - +0 robe
rPois   .          Reflect  .   (helmet restricted)
rElec   .          Harm     .   b - +0 cloak
rCorr   .          Rampage  .   (no gloves)
Will    .....      Rnd*Tele +   (boots unavailable)
Stlth   +.........              (no amulet)
HPRegen 0.06/turn               (no ring)
MPRegen 0.10/turn               (no ring)

@: confused
A: beak, talons 3, robust 1, teleportitis 1
a: no special abilities


You were on level 2 of the Dungeon.
You visited 1 branch of the dungeon, and saw 2 of its levels.

You collected 63 gold pieces.

Inventory:

Armour
 a - a +0 robe (worn)
 b - a +0 cloak (worn)
Scrolls
 g - a scroll of fog {unknown}
Potions
 c - a potion of invisibility
 f - a potion of ambrosia {unknown}


   Skills:
 * Level 2.4 Dodging
 + Level 2.1 Stealth
 * Level 2.5 Spellcasting
 * Level 2.0 Conjurations
 * Level 4.9 Air Magic


You had 4 spell levels left.
You knew the following spells:

 Your Spells              Type           Power      Damage    Failure   Level
a - Shock                 Conj/Air       56%        1d6       4%          1
b - Static Discharge      Conj/Air       14%        N/A       7%          2

Your spell library contained the following spells:

 Spells                   Type           Power      Damage    Failure   Level
 Swiftness                Air            19%        N/A       7%          3
 Poisonous Vapours        Pois/Air       20%        N/A       10%         2
 Sting                    Tmut/Pois      8%         1d3       19%         1
 Airstrike                Air            9%         N/A       24%         4
 Inner Flame              Hex/Fire       2%         N/A       50%         3
 Cause Fear               Hex            1%         N/A       88%         4
 Olgreb's Toxic Radiance  Pois           2%         N/A       88%         4
 Discord                  Hex            1%         N/A       100%        8


Dungeon Overview and Level Annotations

Branches:
Dungeon (2/15)

Altars:

Annotations:
D:2 Sigmund


Innate Abilities, Weirdness & Mutations

You have a beak for a mouth.
You have claws for feet.
You are robust. (+10% HP)
You are occasionally teleported next to monsters.


Message History

You bump into the rock wall.
Sigmund points at you and mumbles some strange words.
You are more confused.
It was a potion of curing.
You feel better.
Number of times to repeat, then command key: You must enter the number of times for the command to repeat.
Sigmund gestures at you while chanting. The magic dart hits you.
You start resting.
Sigmund is nearby!
Sigmund barely misses you.
Casting: Static Discharge (safe; 7% risk of failure)
Confirm with . or Enter, or press ? or * to list all spells.
Sigmund is struck by an arc of lightning.
Sigmund is severely wounded.
The lightning grounds out.
Unknown command.
You barely miss Sigmund.
Sigmund is severely wounded.
Sigmund hits you with a +0 scythe! Sigmund barely misses you.
Aiming: Shock (safe; 4% risk of failure)
Press: ? - help, Q - select action, (/) - cycle Shift-Dir - straight line, f - Sigmund
Aim: Sigmund, wielding a +0 scythe and wearing a +0 robe (severely wounded, 68% to hit)
The zap misses Sigmund.
Unknown command.
Sigmund points at you and mumbles some strange words.
You resist with significant effort. Sigmund gestures at you while chanting.
You are confused.
You bump into the rock wall.
You bump into the rock wall.
Sigmund points at you and mumbles some strange words.
The magic dart hits you.
* * * LOW HITPOINT WARNING * * *
You bump into the rock wall.
You bump into the rock wall.
Sigmund hits you from afar with a +0 scythe!
Ouch! That really hurt!
You die...

##################
......>.@.........
..................
######.##@..###.
#.##...# #..#...#
##.#...# #.....#
##....# ####.####


You could see Sigmund.

Vanquished Creatures
  A gnoll (D:1)
  4 ball pythons
  5 endoplasms
  2 giant cockroaches
  A goblin (D:1)
  2 hobgoblins
  A quokka (D:1)
  4 bats
  2 frilled lizards (D:1)
  5 kobolds
  A rat (D:1)
28 creatures vanquished.

Notes
Turn   | Place    | Note
-------+----------+-------------------------------------------
     0 | D:1      | DrunkBamboolord the Tengu Air Elementalist began the quest
                  | for the Orb.
     0 | D:1      | Reached XP level 1. HP: 10/10 MP: 4/4
   342 | D:1      | Reached XP level 2. HP: 10/15 MP: 3/6
   475 | D:1      | Learned a level 2 spell: Static Discharge
   610 | D:1      | Found a faded altar of an unknown god.
   617 | D:1      | Reached XP level 3. HP: 19/19 MP: 3/7
  1296 | D:2      | Noticed Sigmund
  1302 | D:2      | Gained mutation: You are occasionally teleported next to
                  | monsters. [potion of mutation]
  1302 | D:2      | Gained mutation: You are robust. (+10% HP) [potion of
                  | mutation]
  1325 | D:2      | Slain by Sigmund

Illustrated notes

Levels and vault maps discovered:
D:1:      elethiomel_arrival_fortress_basement, layout_basic,
          chequers_ecumenical_altar_simple_redux
D:2:      layout_basic, uniq_sigmund

Skill      XL: |  1  2  3 |
---------------+----------+-----
Conjurations   | 2 |  2.0
Dodging        | |  2.4
Stealth        | |  2.1
Spellcasting   | |  2.5
Air Magic      | |  4.9

Action                   || total
-------------------------++-------
Melee: Unarmed           ||     2
       Kick              ||     1
 Cast: Shock             ||    49
       Static Discharge  ||     4
  Use: Potion            ||     2
       Scroll            ||     1
 Stab: Sleeping          ||     1
Armor: Robe              ||     1
Dodge: Dodged            ||    12
